 Dungeon Crawl Stone Soup version 0.26.0-16-gc1dbca0489 (webtiles) character file.

Game seed: 4495952451279317724

39 inqbanana the Skirmisher (level 3, -8/60 HPs)
             Began as an Ogre Chaos Knight on Jan 20, 2021.
             Was a Plaything of Xom.
             Mangled by a swamp drake (10 damage)
             ... on level 2 of the Dungeon.
             The game lasted 00:02:37 (1428 turns).

inqbanana the Skirmisher (Ogre Chaos Knight)        Turns: 1428, Time: 00:02:37

Health: -8/60      AC:  7    Str: 18    XL:     3   Next: 45%
Magic:  3/3        EV: 10    Int: 14    God:    Xom [...*..]
Gold:   89         SH:  0    Dex:  8    Spells: 2/2 levels left

rFire    . . .     SeeInvis .   a - +0 mace (chaos)
rCold    . . .     Faith    .   (no shield)
rNeg     . . .     Spirit   .   b - +2 robe
rPois    .         Reflect  .   (helmet restricted)
rElec    .         Harm     .   (no cloak)
rCorr    +         Rampage  .   (gloves unavailable)
Will     .....                  (boots unavailable)
Stlth    ..........             (no amulet)
HPRegen  0.20/turn              d - ring of resist corrosion
MPRegen  0.08/turn              (no ring)

@: berserking, lethally poisoned (-8 -> -9), very quick
A: large, unfitting armour, yellow scales 1, strong 1, tough skin 1, evolution
1, MP-powered wands
a: Renounce Religion


You were on level 2 of the Dungeon.
You worshipped Xom.
You were a favourite toy of Xom.
You visited 1 branch of the dungeon, and saw 2 of its levels.

You collected 89 gold pieces.

Inventory:

Hand Weapons
 a - a +0 mace of chaos (weapon)
 g - a +0 short sword of holy wrath
Missiles
 e - 105 stones (quivered)
Armour
 b - a +2 robe (worn)
Jewellery
 d - a ring of resist corrosion (left hand)
Scrolls
 f - a scroll of fear
Potions
 i - a potion of flight


   Skills:
 + Level 4.4 Fighting
 * Level 3.3 Maces & Flails
 + Level 0.6 Armour
 + Level 2.4 Dodging


You had 2 spell levels left.
You didn't know any spells.
Your spell library was empty.

Dungeon Overview and Level Annotations

Branches:
Dungeon (2/15)

Altars:
Elyvilon
Gozag
Kikubaaqudgha
Xom
The Shining One


Innate Abilities, Weirdness & Mutations

You are too large for most types of armour.
You have tough skin. (AC +1)
You are partially covered in yellow scales. (AC +2)
Your muscles are strong. (Str +2)
You evolve.
You expend magic power (3 MP) to strengthen your wands.


Message History

You are more poisoned.
You feel sick.
A red film seems to cover your vision as you go berserk!
You feel yourself moving faster!
You feel mighty!
The swamp drake stops glowing.
You miss the swamp drake.
The swamp drake is moderately wounded.
The swamp drake bites you!
* * * LOW HITPOINT WARNING * * *
You hit the swamp drake. You freeze the swamp drake.
The swamp drake is severely wounded.
You feel sick.
The swamp drake bites you but does no damage.
You barely miss the swamp drake.
The swamp drake is severely wounded.
You closely miss the swamp drake.
The swamp drake is severely wounded.
The swamp drake bites you!
You die...
Xom is highly amused!

##.##
#..#
##.##
#..#
##§#
+#
#§##.#
#§§#§#
##k#.#
#§@§#
##§§#
#§§#
..#


You could see a swamp drake (agile).

Vanquished Creatures
  2 oozes
  A worm (D:2)
  3 dart slugs
  A leopard gecko (D:2)
  4 bats
  A giant cockroach (D:1)
  2 goblins (D:1)
  A ball python (D:1)
  5 kobolds
  3 rats (D:1)
23 creatures vanquished.

Notes
Turn   | Place    | Note
-------+----------+-------------------------------------------
     0 | D:1      | inqbanana the Ogre Chaos Knight began the quest for the
                  | Orb.
     0 | D:1      | Reached XP level 1. HP: 24/24 MP: 1/1
   203 | D:1      | Reached XP level 2. HP: 28/32 MP: 2/2
   348 | D:1      | XOM: divination: detect creatures
   803 | D:1      | XOM: noise
   858 | D:1      | XOM: give mutations
   858 | D:1      | Gained mutation: You evolve. [Xom's grace]
   858 | D:1      | Gained mutation: You are partially covered in yellow
                  | scales. (AC +2) [Xom's grace]
   858 | D:1      | Gained mutation: You expend magic power (3 MP) to
                  | strengthen your wands. [Xom's grace]
   858 | D:1      | Gained mutation: Your muscles are strong. (Str +2) [Xom's
                  | grace]
   974 | D:2      | XOM: scenery: create altars
   978 | D:2      | Reached XP level 3. HP: 10/40 MP: 3/3
  1285 | D:2      | Found a glowing golden altar of the Shining One.
  1347 | D:2      | Found an ancient bone altar of Kikubaaqudgha.
  1348 | D:2      | Found a white marble altar of Elyvilon.
  1348 | D:2      | Found an opulent altar of Gozag.
  1406 | D:2      | Noticed a swamp drake
  1406 | D:2      | a worm changed into a swamp drake
  1406 | D:2      | XOM: polymorph worm -> swamp drake
  1415 | D:2      | XOM: smoke on damage
  1417 | D:2      | XOM: fog
  1419 | D:2      | XOM: fake destruction
  1425 | D:2      | HP: 3/60 [swamp drake (7)]
  1428 | D:2      | Mangled by a swamp drake

Illustrated notes

Levels and vault maps discovered:
D:1:      dpeg_arrival_stonehenge_8_columns, layout_loops_corners
D:2:      layout_basic, overflow_temple_1_default,
          chequers_temple_overflow_statue_of_worship, minmay_tripent

Skill      XL: |  1 |
---------------+----+-----
Maces & Flails | 3 |  3.3
Fighting       | |  4.4
Armour         | |  0.6
Dodging        | |  2.4

Action                   || total
-------------------------++-------
Melee: Mace              ||    90
Throw: Stone             ||    10
  Use: Potion            ||     3
       Scroll            ||     4
 Stab: Sleeping          ||     1
Armor: Robe              ||    59
Dodge: Dodged            ||    63
